3406 views
Uploaded 2020-04-14 14:08:25
Game version 1.32.3
22:47 long 4on4 ladder game on (8)GoldRush
Saved by BEARAND
3406 views
Uploaded 2020-04-14 14:08:25
Game version 1.32.3
22:47 long 4on4 ladder game on (8)GoldRush


101 units @ 8.5k
/ 0.4k
273 buildings @ 21.5k
/ 12.4k
⇛
iggythefisk
(22:45) : 


| Lesser Clarity Potion | 7 | 490 |
| Healing Salve | 6 | 600 |
| Orb of Lightning | 2 | 750 |
| Boots of Speed | 3 | 750 |
| Staff of Teleportation | 3 | 450 |
| total: | 21 | 3040g |
| Peon | 28 | 2100 | / | 0 |
| total: | 28 | 2100g | / | 0w |
| Watch Tower | 52 | 5720 | / | 4160 |
| Altar of Storms | 1 | 180 | / | 50 |
| Orc Burrow | 2 | 320 | / | 80 |
| War Mill | 1 | 205 | / | 0 |
| Voodoo Lounge | 3 | 390 | / | 90 |
| Great Hall | 3 | 1155 | / | 555 |
| Stronghold | 1 | 315 | / | 190 |
| Fortress | 1 | 325 | / | 190 |
| total: | 62 | 7970g | / | 4935w |
| 0:01 | Peon |
| 0:03 | Altar of Storms |
| 0:15 | Peon |
| 0:19 | Orc Burrow |
| 0:22 | Peon |
| 0:36 | Peon |
| 0:48 | War Mill |
| 0:56 | Peon |
| 1:15 | Peon |
| 1:20 | Voodoo Lounge |
| 1:27 | Peon |
| 1:43 | Peon |
| 1:58 | Peon |
| 2:03 | Watch Tower |
| 2:06 | Wind Walk |
| 2:11 | Peon |
| 2:18 | Watch Tower |
| 2:24 | Orc Burrow |
| 2:55 | Voodoo Lounge |
| 3:09 | Watch Tower |
| 3:18 | Peon |
| 3:20 | Spiked Barricades |
| 3:30 | Peon |
| 3:35 | Lesser Clarity Potion |
| 3:35 | Healing Salve |
| 3:41 | Peon |
| 3:55 | Boots of Speed |
| 3:55 | Staff of Teleportation |
| 4:08 | Watch Tower |
| 4:37 | Stronghold |
| 5:19 | Great Hall |
| 5:42 | Watch Tower |
| 5:47 | Healing Salve |
| 5:47 | Lesser Clarity Potion |
| 6:09 | Critical Strike |
| 6:19 | Watch Tower |
| 6:20 | Watch Tower |
| 6:20 | Watch Tower |
| 6:39 | Watch Tower |
| 6:57 | Peon |
| 6:58 | Peon |
| 7:52 | Peon |
| 7:53 | Lesser Clarity Potion |
| 8:21 | Healing Wave |
| 8:29 | Peon |
| 8:31 | Great Hall |
| 8:34 | Watch Tower |
| 8:34 | Watch Tower |
| 8:38 | Watch Tower |
| 8:55 | Peon |
| 8:57 | Watch Tower |
| 9:09 | Fortress |
| 9:26 | Healing Salve |
| 9:28 | Healing Salve |
| 9:31 | Lesser Clarity Potion |
| 9:32 | Lesser Clarity Potion |
| 9:40 | Watch Tower |
| 10:10 | Wind Walk |
| 10:44 | Watch Tower |
| 10:45 | Watch Tower |
| 11:05 | Watch Tower |
| 11:06 | Watch Tower |
| 11:08 | Watch Tower |
| 11:08 | Watch Tower |
| 11:10 | Healing Salve |
| 11:26 | Peon |
| 11:26 | Peon |
| 11:26 | Peon |
| 11:26 | Peon |
| 11:30 | Lesser Clarity Potion |
| 11:32 | Orb of Lightning |
| 11:34 | Lesser Clarity Potion |
| 11:43 | Reinforced Defenses |
| 11:48 | Voodoo Lounge |
| 12:08 | Boots of Speed |
| 12:08 | Staff of Teleportation |
| 12:39 | War Stomp |
| 12:41 | Watch Tower |
| 12:42 | Watch Tower |
| 12:42 | Watch Tower |
| 12:51 | Watch Tower |
| 12:51 | Watch Tower |
| 12:54 | Watch Tower |
| 12:56 | Peon |
| 13:37 | Hex |
| 14:53 | Watch Tower |
| 14:54 | Watch Tower |
| 14:55 | Watch Tower |
| 14:56 | Watch Tower |
| 14:58 | Watch Tower |
| 14:58 | Watch Tower |
| 15:49 | Watch Tower |
| 15:50 | Watch Tower |
| 16:00 | Peon |
| 16:00 | Peon |
| 16:08 | Boots of Speed |
| 16:08 | Staff of Teleportation |
| 16:24 | Improved Spiked Barricades |
| 16:30 | Watch Tower |
| 16:31 | Watch Tower |
| 16:58 | Watch Tower |
| 17:00 | Peon |
| 17:01 | Peon |
| 17:03 | Watch Tower |
| 17:38 | Great Hall |
| 18:05 | Watch Tower |
| 18:27 | Endurance Aura |
| 18:50 | Watch Tower |
| 18:56 | Watch Tower |
| 19:24 | Watch Tower |
| 19:25 | Watch Tower |
| 19:27 | Watch Tower |
| 19:27 | Watch Tower |
| 19:28 | Watch Tower |
| 19:28 | Watch Tower |
| 19:44 | Critical Strike |
| 20:08 | Watch Tower |
| 20:49 | Orb of Lightning |
| 20:50 | Healing Salve |
| 21:18 | Healing Wave |
| 21:28 | Watch Tower |
| 21:28 | Watch Tower |
| 21:33 | Peon |
| 22:09 | Watch Tower |
| 22:09 | Watch Tower |
| Right click | 1376 |
| Select group | 558 |
| Assign group | 515 |
| Select | 304 |
| Build/train/purchase | 167 |
| Chat | 60 |
| Use ability | 53 |
| Resource trade | 35 |
| Item give/drop | 5 |
| Misc. action | 2 |



| Staff of Sanctuary | 3 | 750 |
| Staff of Teleportation | 3 | 450 |
| Boots of Speed | 1 | 250 |
| Healing Salve | 2 | 200 |
| Orb of Lightning | 2 | 750 |
| total: | 11 | 2400g |
| Peasant | 33 | 2475 | / | 0 |
| Priest | 1 | 135 | / | 10 |
| total: | 34 | 2610g | / | 10w |
| Scout Tower | 62 | 1860 | / | 1240 |
| Arcane Tower | 4 | 280 | / | 200 |
| Guard Tower | 22 | 1540 | / | 1100 |
| Altar of Kings | 1 | 180 | / | 50 |
| Lumber Mill | 1 | 120 | / | 0 |
| Farm | 4 | 320 | / | 80 |
| Town Hall | 2 | 770 | / | 410 |
| Arcane Vault | 2 | 260 | / | 60 |
| Arcane Sanctum | 1 | 150 | / | 140 |
| Keep | 1 | 320 | / | 210 |
| Castle | 1 | 360 | / | 210 |
| total: | 73 | 3660g | / | 1980w |
| 0:00 | Peasant |
| 0:03 | Altar of Kings |
| 0:09 | Peasant |
| 0:17 | Lumber Mill |
| 0:19 | Peasant |
| 0:31 | Farm |
| 0:38 | Peasant |
| 0:48 | Peasant |
| 1:00 | Peasant |
| 1:07 | Farm |
| 1:14 | Peasant |
| 1:21 | Scout Tower |
| 1:26 | Peasant |
| 1:36 | Scout Tower |
| 1:48 | Arcane Tower |
| 1:51 | Scout Tower |
| 1:56 | Peasant |
| 2:05 | Arcane Tower |
| 2:08 | Blizzard |
| 2:10 | Peasant |
| 2:19 | Guard Tower |
| 2:21 | Scout Tower |
| 2:28 | Peasant |
| 2:57 | Peasant |
| 3:02 | Peasant |
| 3:05 | Guard Tower |
| 3:06 | Scout Tower |
| 3:07 | Scout Tower |
| 3:28 | Peasant |
| 3:42 | Town Hall |
| 3:42 | Scout Tower |
| 3:44 | Peasant |
| 4:30 | Scout Tower |
| 4:31 | Scout Tower |
| 4:33 | Peasant |
| 4:39 | Scout Tower |
| 4:39 | Scout Tower |
| 4:42 | Improved Masonry |
| 4:43 | Peasant |
| 5:00 | Peasant |
| 5:30 | Guard Tower |
| 6:04 | Brilliance Aura |
| 6:31 | Peasant |
| 6:32 | Peasant |
| 6:43 | Arcane Tower |
| 6:47 | Scout Tower |
| 6:47 | Scout Tower |
| 6:50 | Scout Tower |
| 6:51 | Scout Tower |
| 6:52 | Scout Tower |
| 6:52 | Peasant |
| 6:52 | Peasant |
| 6:55 | Scout Tower |
| 6:57 | Peasant |
| 7:05 | Scout Tower |
| 7:07 | Scout Tower |
| 7:14 | Arcane Tower |
| 7:17 | Peasant |
| 7:19 | Peasant |
| 7:19 | Peasant |
| 7:24 | Keep |
| 7:25 | Guard Tower |
| 7:26 | Guard Tower |
| 7:31 | Guard Tower |
| 7:32 | Scout Tower |
| 7:33 | Scout Tower |
| 7:35 | Peasant |
| 7:36 | Guard Tower |
| 7:37 | Guard Tower |
| 8:06 | Guard Tower |
| 8:25 | Staff of Teleportation |
| 9:18 | Peasant |
| 9:25 | Healing Salve |
| 9:40 | Scout Tower |
| 9:41 | Scout Tower |
| 10:30 | Castle |
| 10:38 | Guard Tower |
| 10:38 | Guard Tower |
| 10:49 | Arcane Sanctum |
| 11:16 | Peasant |
| 11:16 | Peasant |
| 11:59 | Scout Tower |
| 11:59 | Scout Tower |
| 12:00 | Scout Tower |
| 12:14 | Boots of Speed |
| 12:21 | Peasant |
| 12:23 | Advanced Masonry |
| 12:27 | Scout Tower |
| 12:27 | Scout Tower |
| 12:28 | Scout Tower |
| 12:28 | Guard Tower |
| 12:29 | Guard Tower |
| 12:30 | Peasant |
| 12:32 | Magic Sentry |
| 12:38 | Arcane Vault |
| 12:45 | Storm Bolt |
| 13:44 | Healing Salve |
| 13:45 | Orb of Lightning |
| 13:55 | Farm |
| 13:55 | Farm |
| 13:59 | Staff of Teleportation |
| 14:45 | Blizzard |
| 15:14 | Bash |
| 15:21 | Guard Tower |
| 15:22 | Scout Tower |
| 15:22 | Scout Tower |
| 15:23 | Scout Tower |
| 15:25 | Scout Tower |
| 15:25 | Scout Tower |
| 15:25 | Scout Tower |
| 15:26 | Scout Tower |
| 15:28 | Scout Tower |
| 15:30 | Scout Tower |
| 15:46 | Imbued Masonry |
| 15:48 | Staff of Sanctuary |
| 16:09 | Holy Light |
| 16:10 | Staff of Teleportation |
| 16:44 | Guard Tower |
| 17:09 | Guard Tower |
| 17:16 | Scout Tower |
| 17:16 | Scout Tower |
| 17:17 | Scout Tower |
| 17:25 | Peasant |
| 17:27 | Priest |
| 17:35 | Town Hall |
| 17:46 | Guard Tower |
| 17:49 | Scout Tower |
| 17:50 | Scout Tower |
| 17:50 | Scout Tower |
| 17:57 | Orb of Lightning |
| 18:04 | Scout Tower |
| 18:05 | Scout Tower |
| 18:05 | Scout Tower |
| 18:11 | Scout Tower |
| 18:12 | Scout Tower |
| 18:13 | Scout Tower |
| 18:13 | Scout Tower |
| 18:13 | Scout Tower |
| 18:18 | Staff of Sanctuary |
| 18:23 | Guard Tower |
| 18:33 | Scout Tower |
| 18:33 | Scout Tower |
| 18:34 | Scout Tower |
| 18:42 | Improved Lumber Harvesting |
| 19:06 | Guard Tower |
| 19:09 | Scout Tower |
| 19:10 | Scout Tower |
| 19:10 | Scout Tower |
| 19:36 | Arcane Vault |
| 19:40 | Guard Tower |
| 19:54 | Divine Shield |
| 20:29 | Brilliance Aura |
| 20:57 | Storm Bolt |
| 21:44 | Staff of Sanctuary |
| 21:54 | Guard Tower |
| 21:56 | Advanced Lumber Harvesting |
| 22:17 | Scout Tower |
| 22:18 | Scout Tower |
| 22:19 | Scout Tower |
| 22:19 | Scout Tower |
| Right click | 1483 |
| Select | 674 |
| Select group | 233 |
| Assign group | 184 |
| Build/train/purchase | 137 |
| Use ability | 69 |
| Misc. action | 13 |
| Minimap ping | 9 |
| Item give/drop | 2 |
| Remove unit | 1 |
⇛
TIMG4STRok
(22:46) : 

| Healing Salve | 4 | 400 |
| Lesser Clarity Potion | 5 | 350 |
| Orb of Lightning | 2 | 750 |
| Boots of Speed | 2 | 500 |
| Staff of Teleportation | 2 | 300 |
| Circlet of Nobility | 1 | 175 |
| Staff of Sanctuary | 2 | 500 |
| total: | 18 | 2975g |
| Peon | 11 | 825 | / | 0 |
| Troll Batrider | 8 | 1280 | / | 320 |
| total: | 19 | 2105g | / | 320w |
| Watch Tower | 23 | 2530 | / | 1840 |
| Altar of Storms | 1 | 180 | / | 50 |
| Orc Burrow | 3 | 480 | / | 120 |
| War Mill | 1 | 205 | / | 0 |
| Voodoo Lounge | 2 | 260 | / | 60 |
| Great Hall | 2 | 770 | / | 370 |
| Beastiary | 2 | 290 | / | 280 |
| Stronghold | 1 | 315 | / | 190 |
| Fortress | 1 | 325 | / | 190 |
| total: | 34 | 4715g | / | 2720w |
| 0:03 | Peon |
| 0:03 | Peon |
| 0:03 | Peon |
| 0:05 | Altar of Storms |
| 0:13 | Orc Burrow |
| 0:25 | Peon |
| 0:35 | Peon |
| 1:02 | War Mill |
| 1:11 | Voodoo Lounge |
| 1:15 | Peon |
| 1:39 | Peon |
| 1:39 | Peon |
| 1:57 | Peon |
| 2:08 | Shockwave |
| 2:13 | Orc Burrow |
| 2:25 | Peon |
| 2:25 | Peon |
| 2:34 | Watch Tower |
| 2:39 | Watch Tower |
| 3:04 | Healing Salve |
| 3:04 | Lesser Clarity Potion |
| 3:28 | Stronghold |
| 3:53 | Spiked Barricades |
| 3:54 | Watch Tower |
| 3:55 | Watch Tower |
| 4:35 | Boots of Speed |
| 4:35 | Staff of Teleportation |
| 6:07 | Voodoo Lounge |
| 6:09 | Watch Tower |
| 6:50 | Hex |
| 6:53 | Fortress |
| 6:55 | Beastiary |
| 6:57 | Beastiary |
| 7:15 | Watch Tower |
| 7:17 | Watch Tower |
| 7:40 | Endurance Aura |
| 7:47 | Great Hall |
| 8:01 | Orc Burrow |
| 8:24 | Watch Tower |
| 8:24 | Watch Tower |
| 8:37 | Healing Salve |
| 8:41 | Lesser Clarity Potion |
| 8:56 | Troll Batrider |
| 9:38 | Troll Batrider |
| 10:05 | Boots of Speed |
| 10:08 | Circlet of Nobility |
| 10:23 | Watch Tower |
| 10:24 | Watch Tower |
| 10:34 | Healing Wave |
| 11:11 | Reinforced Defenses |
| 11:23 | Lesser Clarity Potion |
| 11:25 | Orb of Lightning |
| 11:25 | Healing Salve |
| 11:35 | Staff of Teleportation |
| 12:12 | Troll Batrider |
| 12:51 | Troll Batrider |
| 13:09 | Shockwave |
| 14:28 | Healing Wave |
| 15:48 | Watch Tower |
| 15:48 | Watch Tower |
| 15:48 | Watch Tower |
| 15:49 | Watch Tower |
| 17:10 | Troll Batrider |
| 17:11 | Troll Batrider |
| 17:17 | Watch Tower |
| 17:17 | Watch Tower |
| 17:19 | Watch Tower |
| 17:19 | Watch Tower |
| 17:41 | Endurance Aura |
| 18:04 | Great Hall |
| 18:09 | Orb of Lightning |
| 18:19 | Improved Spiked Barricades |
| 19:07 | Watch Tower |
| 19:08 | Watch Tower |
| 21:02 | Hex |
| 21:34 | Watch Tower |
| 21:34 | Watch Tower |
| 21:44 | Troll Batrider |
| 21:44 | Troll Batrider |
| 22:13 | Lesser Clarity Potion |
| 22:15 | Healing Salve |
| 22:16 | Lesser Clarity Potion |
| 22:41 | Staff of Sanctuary |
| 22:45 | Staff of Sanctuary |
| Right click | 1430 |
| Select group | 783 |
| Select | 186 |
| Use ability | 64 |
| Build/train/purchase | 63 |
| Misc. action | 45 |
| Minimap ping | 33 |
| Chat | 28 |
| Assign group | 12 |
| Item give/drop | 8 |
| Resource trade | 8 |



| Lesser Clarity Potion | 3 | 210 |
| Staff of Sanctuary | 2 | 500 |
| Boots of Speed | 3 | 750 |
| Periapt of Vitality | 1 | 325 |
| Circlet of Nobility | 1 | 175 |
| Staff of Teleportation | 1 | 150 |
| Healing Salve | 5 | 500 |
| Orb of Lightning | 1 | 375 |
| total: | 17 | 2985g |
| Peasant | 18 | 1350 | / | 0 |
| Priest | 1 | 135 | / | 10 |
| Sorceress | 1 | 155 | / | 20 |
| total: | 20 | 1640g | / | 30w |
| Scout Tower | 89 | 2670 | / | 1780 |
| Arcane Tower | 4 | 280 | / | 200 |
| Guard Tower | 58 | 4060 | / | 2900 |
| Altar of Kings | 2 | 360 | / | 100 |
| Farm | 6 | 480 | / | 120 |
| Lumber Mill | 1 | 120 | / | 0 |
| Town Hall | 3 | 1155 | / | 615 |
| Arcane Vault | 2 | 260 | / | 60 |
| Arcane Sanctum | 1 | 150 | / | 140 |
| Keep | 1 | 320 | / | 210 |
| Castle | 2 | 720 | / | 420 |
| total: | 104 | 5195g | / | 2815w |
| 0:02 | Peasant |
| 0:02 | Peasant |
| 0:09 | Altar of Kings |
| 0:14 | Peasant |
| 0:19 | Farm |
| 0:42 | Lumber Mill |
| 0:45 | Scout Tower |
| 0:47 | Peasant |
| 0:59 | Peasant |
| 1:03 | Scout Tower |
| 1:22 | Peasant |
| 1:22 | Peasant |
| 1:23 | Peasant |
| 1:27 | Scout Tower |
| 1:29 | Arcane Tower |
| 1:32 | Peasant |
| 1:33 | Peasant |
| 1:37 | Farm |
| 1:41 | Scout Tower |
| 1:48 | Peasant |
| 1:56 | Peasant |
| 2:07 | Blizzard |
| 2:11 | Guard Tower |
| 2:17 | Peasant |
| 2:43 | Scout Tower |
| 2:45 | Guard Tower |
| 3:06 | Scout Tower |
| 3:07 | Scout Tower |
| 3:09 | Peasant |
| 3:22 | Arcane Tower |
| 3:25 | Scout Tower |
| 3:25 | Scout Tower |
| 3:31 | Scout Tower |
| 3:32 | Healing Salve |
| 3:39 | Arcane Tower |
| 3:40 | Scout Tower |
| 3:41 | Peasant |
| 3:51 | Guard Tower |
| 4:01 | Guard Tower |
| 4:03 | Scout Tower |
| 4:03 | Scout Tower |
| 4:20 | Guard Tower |
| 4:29 | Brilliance Aura |
| 4:32 | Scout Tower |
| 4:33 | Scout Tower |
| 4:36 | Guard Tower |
| 4:37 | Keep |
| 4:45 | Guard Tower |
| 4:50 | Healing Salve |
| 4:55 | Scout Tower |
| 5:09 | Guard Tower |
| 5:25 | Scout Tower |
| 5:31 | Scout Tower |
| 5:34 | Guard Tower |
| 5:37 | Farm |
| 5:37 | Farm |
| 5:39 | Improved Masonry |
| 5:56 | Guard Tower |
| 5:58 | Scout Tower |
| 6:43 | Town Hall |
| 7:01 | Guard Tower |
| 7:07 | Scout Tower |
| 7:08 | Scout Tower |
| 8:23 | Scout Tower |
| 8:26 | Scout Tower |
| 8:27 | Scout Tower |
| 8:27 | Scout Tower |
| 8:45 | Storm Bolt |
| 8:51 | Arcane Sanctum |
| 8:51 | Peasant |
| 8:51 | Peasant |
| 8:51 | Peasant |
| 8:52 | Improved Lumber Harvesting |
| 8:52 | Advanced Masonry |
| 8:56 | Scout Tower |
| 8:57 | Scout Tower |
| 8:57 | Scout Tower |
| 8:57 | Scout Tower |
| 8:58 | Scout Tower |
| 8:58 | Scout Tower |
| 8:58 | Scout Tower |
| 9:04 | Guard Tower |
| 9:05 | Scout Tower |
| 9:25 | Guard Tower |
| 9:36 | Castle |
| 9:56 | Guard Tower |
| 10:04 | Guard Tower |
| 10:05 | Healing Salve |
| 10:05 | Lesser Clarity Potion |
| 10:09 | Scout Tower |
| 10:10 | Scout Tower |
| 10:11 | Scout Tower |
| 10:12 | Magic Sentry |
| 10:42 | Guard Tower |
| 10:42 | Guard Tower |
| 10:46 | Guard Tower |
| 11:07 | Priest |
| 11:07 | Priest Adept Training |
| 11:08 | Guard Tower |
| 11:13 | Farm |
| 11:15 | Farm |
| 11:29 | Guard Tower |
| 11:32 | Scout Tower |
| 11:32 | Scout Tower |
| 11:33 | Guard Tower |
| 11:35 | Scout Tower |
| 11:36 | Scout Tower |
| 11:54 | Sorceress |
| 11:54 | Sorceress Adept Training |
| 12:18 | Scout Tower |
| 12:18 | Scout Tower |
| 12:19 | Scout Tower |
| 12:19 | Scout Tower |
| 12:20 | Scout Tower |
| 12:20 | Scout Tower |
| 12:21 | Scout Tower |
| 12:21 | Scout Tower |
| 12:32 | Guard Tower |
| 12:34 | Guard Tower |
| 12:36 | Guard Tower |
| 13:46 | Scout Tower |
| 13:47 | Scout Tower |
| 13:47 | Scout Tower |
| 13:57 | Scout Tower |
| 13:58 | Scout Tower |
| 13:58 | Scout Tower |
| 13:58 | Scout Tower |
| 14:03 | Guard Tower |
| 14:26 | Healing Salve |
| 14:27 | Guard Tower |
| 14:30 | Altar of Kings |
| 14:49 | Bash |
| 15:02 | Blizzard |
| 15:16 | Guard Tower |
| 15:23 | Lesser Clarity Potion |
| 15:23 | Lesser Clarity Potion |
| 15:26 | Guard Tower |
| 15:27 | Guard Tower |
| 15:28 | Scout Tower |
| 15:29 | Scout Tower |
| 15:29 | Scout Tower |
| 15:30 | Scout Tower |
| 15:48 | Scout Tower |
| 15:49 | Scout Tower |
| 15:49 | Scout Tower |
| 16:16 | Holy Light |
| 16:30 | Arcane Vault |
| 16:31 | Guard Tower |
| 16:35 | Town Hall |
| 16:52 | Imbued Masonry |
| 17:18 | Guard Tower |
| 17:19 | Guard Tower |
| 17:34 | Guard Tower |
| 17:34 | Guard Tower |
| 17:47 | Boots of Speed |
| 17:48 | Boots of Speed |
| 17:49 | Periapt of Vitality |
| 17:56 | Circlet of Nobility |
| 18:02 | Guard Tower |
| 18:08 | Advanced Lumber Harvesting |
| 18:13 | Staff of Teleportation |
| 18:43 | Arcane Vault |
| 19:30 | Boots of Speed |
| 19:37 | Scout Tower |
| 19:38 | Scout Tower |
| 19:38 | Scout Tower |
| 19:39 | Scout Tower |
| 19:39 | Scout Tower |
| 19:39 | Scout Tower |
| 19:44 | Healing Salve |
| 19:48 | Orb of Lightning |
| 19:52 | Staff of Sanctuary |
| 20:00 | Staff of Sanctuary |
| 20:07 | Scout Tower |
| 20:08 | Scout Tower |
| 20:08 | Scout Tower |
| 20:09 | Scout Tower |
| 20:09 | Scout Tower |
| 20:10 | Scout Tower |
| 20:10 | Scout Tower |
| 20:11 | Scout Tower |
| 21:18 | Guard Tower |
| 21:24 | Scout Tower |
| 21:25 | Scout Tower |
| 21:25 | Scout Tower |
| 21:26 | Scout Tower |
| 21:26 | Scout Tower |
| 22:10 | Guard Tower |
| 22:14 | Town Hall |
| 22:16 | Scout Tower |
| 22:16 | Scout Tower |
| 22:16 | Scout Tower |
| 22:17 | Scout Tower |
| 22:17 | Scout Tower |
| 22:17 | Scout Tower |
| 22:17 | Scout Tower |
| 22:18 | Scout Tower |
| 22:44 | Storm Bolt |
| Right click | 1913 |
| Select | 785 |
| Select group | 286 |
| Build/train/purchase | 159 |
| Use ability | 69 |
| Chat | 22 |
| Misc. action | 9 |
| Assign group | 7 |
| Item give/drop | 5 |
| Minimap ping | 5 |
| Remove unit | 1 |
172 units @ 21.6k
/ 2.8k
88 buildings @ 13.1k
/ 6.2k


| Scroll of Regeneration | 1 | 100 |
| Lesser Clarity Potion | 1 | 70 |
| Potion of Healing | 3 | 450 |
| Potion of Mana | 1 | 200 |
| Orb of Fire | 1 | 325 |
| Staff of Sanctuary | 1 | 250 |
| Scroll of Town Portal | 3 | 1050 |
| Scroll of Healing | 1 | 250 |
| Potion of Lesser Invulnerability | 1 | 150 |
| total: | 13 | 2845g |
| Peasant | 17 | 1275 | / | 0 |
| Rifleman | 7 | 1435 | / | 210 |
| Mortar Team | 11 | 1980 | / | 770 |
| Priest | 12 | 1620 | / | 120 |
| total: | 47 | 6310g | / | 1100w |
| Altar of Kings | 1 | 180 | / | 50 |
| Farm | 15 | 1200 | / | 300 |
| Barracks | 2 | 320 | / | 120 |
| Arcane Vault | 1 | 130 | / | 30 |
| Town Hall | 2 | 770 | / | 410 |
| Lumber Mill | 1 | 120 | / | 0 |
| Blacksmith | 1 | 140 | / | 60 |
| Workshop | 1 | 140 | / | 140 |
| Arcane Sanctum | 1 | 150 | / | 140 |
| Keep | 1 | 320 | / | 210 |
| Castle | 1 | 360 | / | 210 |
| total: | 25 | 3150g | / | 1250w |
| 0:03 | Peasant |
| 0:03 | Peasant |
| 0:06 | Altar of Kings |
| 0:10 | Farm |
| 0:23 | Barracks |
| 0:28 | Peasant |
| 0:39 | Farm |
| 0:46 | Peasant |
| 1:01 | Peasant |
| 1:21 | Peasant |
| 1:22 | Peasant |
| 1:47 | Peasant |
| 1:47 | Peasant |
| 2:05 | Summon Water Elemental |
| 2:15 | Peasant |
| 2:16 | Peasant |
| 2:25 | Peasant |
| 2:31 | Arcane Vault |
| 2:45 | Farm |
| 2:59 | Town Hall |
| 3:07 | Peasant |
| 3:08 | Peasant |
| 3:45 | Lumber Mill |
| 3:58 | Peasant |
| 3:58 | Peasant |
| 3:58 | Peasant |
| 4:05 | Scroll of Regeneration |
| 4:07 | Lesser Clarity Potion |
| 4:23 | Keep |
| 4:38 | Blacksmith |
| 4:50 | Barracks |
| 5:02 | Farm |
| 5:04 | Farm |
| 5:36 | Brilliance Aura |
| 6:03 | Rifleman |
| 6:03 | Rifleman |
| 6:04 | Rifleman |
| 6:04 | Rifleman |
| 6:25 | Black Gunpowder |
| 6:26 | Studded Leather Armor |
| 6:46 | Long Rifles |
| 7:01 | Workshop |
| 7:06 | Arcane Sanctum |
| 7:22 | Farm |
| 7:24 | Farm |
| 7:25 | Farm |
| 7:42 | Holy Light |
| 8:26 | Potion of Healing |
| 8:29 | Scroll of Town Portal |
| 8:29 | Potion of Mana |
| 8:29 | Potion of Healing |
| 8:34 | Mortar Team |
| 8:34 | Mortar Team |
| 8:37 | Priest Adept Training |
| 8:37 | Priest |
| 9:10 | Priest |
| 9:28 | Refined Gunpowder |
| 9:28 | Reinforced Leather Armor |
| 10:34 | Priest |
| 10:34 | Priest |
| 10:34 | Priest |
| 10:46 | Mortar Team |
| 10:47 | Priest |
| 10:50 | Improved Masonry |
| 10:50 | Improved Lumber Harvesting |
| 10:53 | Castle |
| 11:40 | Farm |
| 11:41 | Farm |
| 11:42 | Farm |
| 11:43 | Farm |
| 11:45 | Farm |
| 11:49 | Farm |
| 11:49 | Farm |
| 12:26 | Potion of Lesser Invulnerability |
| 12:27 | Scroll of Healing |
| 12:27 | Scroll of Town Portal |
| 12:43 | Mortar Team |
| 12:44 | Mortar Team |
| 13:15 | Divine Shield |
| 13:57 | Mortar Team |
| 13:57 | Mortar Team |
| 13:57 | Fragmentation Shards |
| 15:32 | Orb of Fire |
| 15:35 | Staff of Sanctuary |
| 15:35 | Scroll of Town Portal |
| 15:41 | Rifleman |
| 15:41 | Rifleman |
| 15:41 | Rifleman |
| 15:48 | Mortar Team |
| 16:23 | Mortar Team |
| 16:38 | Priest Master Training |
| 16:42 | Priest |
| 17:04 | Priest |
| 17:04 | Priest |
| 17:10 | Mortar Team |
| 17:24 | Potion of Healing |
| 17:55 | Summon Water Elemental |
| 19:00 | Priest |
| 19:00 | Priest |
| 19:01 | Priest |
| 19:48 | Mortar Team |
| 19:51 | Imbued Gunpowder |
| 19:51 | Dragonhide Armor |
| 19:52 | Advanced Masonry |
| 21:28 | Town Hall |
| Select group | 2036 |
| Right click | 536 |
| Select | 435 |
| Assign group | 197 |
| Build/train/purchase | 139 |
| Misc. action | 95 |
| Use ability | 19 |
| Minimap ping | 17 |
| Resource trade | 17 |
| Chat | 4 |
| Item give/drop | 2 |

| Lesser Clarity Potion | 4 | 280 |
| Dust of Appearance | 1 | 75 |
| Scroll of Town Portal | 2 | 700 |
| Scroll of Speed | 1 | 50 |
| total: | 8 | 1105g |
| Wisp | 34 | 2040 | / | 0 |
| Dryad | 6 | 870 | / | 360 |
| Chimaera | 6 | 1980 | / | 420 |
| total: | 46 | 4890g | / | 780w |
| Ancient Protector | 11 | 1485 | / | 880 |
| Altar of Elders | 1 | 180 | / | 50 |
| Moon Well | 7 | 1260 | / | 280 |
| Hunter's Hall | 1 | 210 | / | 100 |
| Ancient of Wonders | 1 | 90 | / | 30 |
| Tree of Life | 1 | 340 | / | 185 |
| Ancient of Lore | 2 | 310 | / | 290 |
| Chimaera Roost | 2 | 280 | / | 380 |
| Tree of Ages | 1 | 320 | / | 180 |
| Tree of Eternity | 1 | 330 | / | 200 |
| total: | 26 | 4155g | / | 2195w |
| 0:02 | Wisp |
| 0:02 | Wisp |
| 0:02 | Wisp |
| 0:02 | Wisp |
| 0:02 | Wisp |
| 0:02 | Wisp |
| 0:03 | Wisp |
| 1:13 | Tree of Ages |
| 1:34 | Altar of Elders |
| 1:36 | Moon Well |
| 1:47 | Hunter's Hall |
| 2:59 | Rain of Fire |
| 3:06 | Strength of the Wild |
| 3:06 | Reinforced Hides |
| 3:46 | Ancient of Wonders |
| 3:58 | Ancient Protector |
| 4:14 | Ancient Protector |
| 4:27 | Scroll of Speed |
| 4:36 | Wisp |
| 4:36 | Wisp |
| 4:36 | Wisp |
| 4:36 | Wisp |
| 4:36 | Wisp |
| 4:43 | Wisp |
| 4:43 | Wisp |
| 4:52 | Ancient Protector |
| 5:43 | Wisp |
| 6:15 | Lesser Clarity Potion |
| 6:51 | Ancient of Lore |
| 6:52 | Wisp |
| 6:52 | Wisp |
| 6:52 | Wisp |
| 6:52 | Wisp |
| 7:27 | Ancient of Lore |
| 7:28 | Wisp |
| 7:28 | Wisp |
| 7:38 | Lesser Clarity Potion |
| 7:43 | Moon Well |
| 7:48 | Lesser Clarity Potion |
| 8:11 | Abolish Magic |
| 8:22 | Lesser Clarity Potion |
| 8:25 | Dust of Appearance |
| 8:27 | Moon Well |
| 8:58 | Dryad |
| 9:16 | Ancient Protector |
| 9:28 | Dryad |
| 9:37 | Wisp |
| 9:38 | Wisp |
| 10:11 | Dryad |
| 10:47 | Moon Well |
| 11:38 | Tree of Life |
| 11:41 | Howl of Terror |
| 11:44 | Ancient Protector |
| 12:05 | Ancient Protector |
| 12:11 | Wisp |
| 12:24 | Dryad |
| 12:57 | Wisp |
| 13:12 | Tree of Eternity |
| 13:58 | Dryad |
| 14:11 | Rain of Fire |
| 14:40 | Wisp |
| 14:40 | Wisp |
| 14:40 | Wisp |
| 14:40 | Wisp |
| 14:40 | Wisp |
| 14:50 | Scroll of Town Portal |
| 15:38 | Chimaera Roost |
| 15:41 | Chimaera Roost |
| 15:57 | Wisp |
| 15:59 | Moon Well |
| 16:35 | Dryad |
| 17:07 | Corrosive Breath |
| 17:10 | Chimaera |
| 17:19 | Scroll of Town Portal |
| 17:21 | Ancient Protector |
| 17:24 | Ancient Protector |
| 17:26 | Wisp |
| 17:30 | Ancient Protector |
| 17:37 | Wisp |
| 17:37 | Wisp |
| 17:54 | Ancient Protector |
| 17:59 | Ancient Protector |
| 18:13 | Chimaera |
| 18:56 | Improved Strength of the Wild |
| 19:28 | Chimaera |
| 20:20 | Chimaera |
| 21:21 | Chimaera |
| 22:11 | Chimaera |
| 22:29 | Moon Well |
| 22:30 | Moon Well |
| Right click | 391 |
| Select | 324 |
| Select group | 165 |
| Build/train/purchase | 81 |
| Assign group | 58 |
| Chat | 17 |
| Use ability | 16 |
| Minimap ping | 4 |
| Esc | 2 |


| Healing Salve | 6 | 600 |
| Lesser Clarity Potion | 7 | 490 |
| Scroll of Speed | 1 | 50 |
| Potion of Mana | 3 | 600 |
| Potion of Healing | 2 | 300 |
| Tiny Great Hall | 2 | 1200 |
| Orb of Lightning | 1 | 375 |
| Scroll of Town Portal | 3 | 1050 |
| total: | 25 | 4665g |
| Peon | 28 | 2100 | / | 0 |
| Grunt | 5 | 1000 | / | 0 |
| Spirit Walker | 3 | 585 | / | 105 |
| Demolisher | 2 | 440 | / | 100 |
| Tauren | 3 | 840 | / | 240 |
| total: | 41 | 4965g | / | 445w |
| Watch Tower | 11 | 1210 | / | 880 |
| Altar of Storms | 1 | 180 | / | 50 |
| Orc Burrow | 5 | 800 | / | 200 |
| Voodoo Lounge | 2 | 260 | / | 60 |
| Barracks | 1 | 180 | / | 50 |
| War Mill | 1 | 205 | / | 0 |
| Great Hall | 2 | 770 | / | 370 |
| Tauren Totem | 3 | 405 | / | 465 |
| Stronghold | 2 | 630 | / | 380 |
| Fortress | 2 | 650 | / | 380 |
| total: | 26 | 4010g | / | 2075w |
| 0:03 | Peon |
| 0:03 | Peon |
| 0:06 | Altar of Storms |
| 0:13 | Orc Burrow |
| 0:17 | Peon |
| 0:31 | Peon |
| 0:50 | Voodoo Lounge |
| 1:02 | Peon |
| 1:05 | Peon |
| 1:22 | Barracks |
| 1:47 | Orc Burrow |
| 2:05 | Healing Salve |
| 2:06 | Lesser Clarity Potion |
| 2:06 | Lesser Clarity Potion |
| 2:06 | Scroll of Speed |
| 2:10 | Serpent Ward |
| 2:27 | Grunt |
| 3:11 | Grunt |
| 3:12 | Stronghold |
| 4:33 | Orc Burrow |
| 4:46 | War Mill |
| 5:51 | Grunt |
| 5:51 | Grunt |
| 5:58 | Voodoo Lounge |
| 6:08 | Peon |
| 6:12 | Lesser Clarity Potion |
| 6:15 | Potion of Mana |
| 7:05 | Healing Salve |
| 7:06 | Healing Salve |
| 7:25 | Tauren Totem |
| 7:57 | Tauren Totem |
| 8:03 | Healing Wave |
| 8:10 | Great Hall |
| 8:12 | Great Hall |
| 8:29 | Orc Burrow |
| 8:33 | Watch Tower |
| 8:36 | Peon |
| 9:05 | Watch Tower |
| 9:35 | Grunt |
| 9:37 | Fortress |
| 10:12 | Spirit Walker |
| 10:29 | Reinforced Defenses |
| 11:00 | Orc Burrow |
| 11:02 | Peon |
| 11:02 | Peon |
| 11:04 | Peon |
| 11:04 | Peon |
| 11:19 | Potion of Healing |
| 11:19 | Lesser Clarity Potion |
| 11:21 | Potion of Mana |
| 11:22 | Potion of Mana |
| 11:34 | Steel Ranged Weapons |
| 11:35 | Steel Armor |
| 11:37 | Peon |
| 12:11 | Watch Tower |
| 12:11 | Watch Tower |
| 12:37 | Demolisher |
| 12:37 | Demolisher |
| 12:46 | Peon |
| 12:46 | Peon |
| 12:46 | Peon |
| 14:01 | Peon |
| 14:56 | Tauren |
| 14:57 | Tauren |
| 15:28 | Healing Salve |
| 15:30 | Scroll of Town Portal |
| 15:31 | Lesser Clarity Potion |
| 15:35 | Tauren Totem |
| 15:39 | Spirit Walker Adept Training |
| 15:44 | Tiny Great Hall |
| 15:54 | Peon |
| 15:54 | Peon |
| 15:55 | Peon |
| 16:19 | Thorium Armor |
| 16:20 | Peon |
| 16:26 | Hex |
| 16:35 | Peon |
| 16:37 | Watch Tower |
| 16:38 | Watch Tower |
| 16:39 | Watch Tower |
| 16:47 | Spirit Walker Master Training |
| 16:57 | Peon |
| 17:05 | Pulverize |
| 17:06 | Tauren |
| 17:26 | Watch Tower |
| 18:06 | Lesser Clarity Potion |
| 18:08 | Scroll of Town Portal |
| 18:08 | Orb of Lightning |
| 18:18 | Spirit Walker |
| 18:25 | Peon |
| 19:21 | Scroll of Town Portal |
| 19:22 | Potion of Healing |
| 19:24 | Lesser Clarity Potion |
| 19:30 | Tiny Great Hall |
| 19:39 | Peon |
| 21:11 | Spirit Walker |
| 21:20 | Endurance Aura |
| 21:21 | Healing Salve |
| 21:25 | Healing Salve |
| 21:39 | Peon |
| 21:39 | Peon |
| 22:07 | Peon |
| 22:22 | Watch Tower |
| 22:22 | Watch Tower |
| 22:22 | Watch Tower |
| Select group | 1785 |
| Right click | 1691 |
| Misc. action | 464 |
| Select | 331 |
| Assign group | 146 |
| Build/train/purchase | 125 |
| Use ability | 100 |
| Minimap ping | 13 |
| Chat | 10 |
| Remove unit | 1 |
| Esc | 1 |


| Healing Salve | 1 | 100 |
| Orb of Lightning | 1 | 375 |
| total: | 2 | 475g |
| Peon | 13 | 975 | / | 0 |
| Grunt | 10 | 2000 | / | 0 |
| Demolisher | 5 | 1100 | / | 250 |
| Troll Witch Doctor | 7 | 1015 | / | 175 |
| Shaman | 3 | 390 | / | 60 |
| total: | 38 | 5480g | / | 485w |
| Altar of Storms | 1 | 180 | / | 50 |
| Orc Burrow | 5 | 800 | / | 200 |
| Barracks | 1 | 180 | / | 50 |
| Voodoo Lounge | 1 | 130 | / | 30 |
| War Mill | 1 | 205 | / | 0 |
| Spirit Lodge | 2 | 300 | / | 300 |
| Stronghold | 2 | 630 | / | 380 |
| Fortress | 1 | 325 | / | 190 |
| total: | 11 | 1795g | / | 630w |
| 0:04 | Peon |
| 0:04 | Peon |
| 0:13 | Altar of Storms |
| 0:16 | Peon |
| 0:25 | Orc Burrow |
| 0:42 | Peon |
| 0:57 | Barracks |
| 1:05 | Peon |
| 1:14 | Peon |
| 1:26 | Peon |
| 1:56 | Orc Burrow |
| 2:04 | Voodoo Lounge |
| 2:05 | Grunt |
| 2:17 | War Mill |
| 2:21 | Critical Strike |
| 2:56 | Grunt |
| 2:57 | Grunt |
| 3:10 | Peon |
| 3:39 | Orc Burrow |
| 3:55 | Grunt |
| 5:00 | Stronghold |
| 5:34 | Grunt |
| 6:47 | Grunt |
| 6:54 | Orc Burrow |
| 7:00 | Steel Armor |
| 7:22 | Demolisher |
| 7:33 | Demolisher |
| 9:08 | Peon |
| 9:08 | Peon |
| 9:08 | Peon |
| 9:50 | Wind Walk |
| 10:16 | Demolisher |
| 10:16 | Demolisher |
| 10:46 | Peon |
| 10:48 | Peon |
| 12:05 | Reinforced Defenses |
| 13:25 | Demolisher |
| 14:21 | Endurance Aura |
| 14:35 | Fortress |
| 15:15 | Grunt |
| 15:15 | Grunt |
| 15:23 | Spirit Lodge |
| 15:49 | Grunt |
| 17:16 | Spirit Lodge |
| 17:21 | Witch Doctor Adept Training |
| 17:33 | Healing Salve |
| 17:43 | Orb of Lightning |
| 17:48 | Grunt |
| 17:54 | Troll Witch Doctor |
| 17:55 | Troll Witch Doctor |
| 18:34 | Witch Doctor Master Training |
| 18:36 | Troll Witch Doctor |
| 18:36 | Troll Witch Doctor |
| 18:36 | Troll Witch Doctor |
| 19:07 | Troll Witch Doctor |
| 19:12 | Berserker Strength |
| 19:19 | Orc Burrow |
| 21:31 | Troll Witch Doctor |
| 21:33 | Shaman Adept Training |
| 22:05 | Shaman |
| 22:05 | Shaman |
| 22:05 | Shaman |
| Right click | 616 |
| Select | 317 |
| Select group | 126 |
| Misc. action | 120 |
| Build/train/purchase | 80 |
| Assign group | 23 |
| Use ability | 18 |
| Minimap ping | 15 |
| Resource trade | 7 |